 Dungeon Crawl Stone Soup version 0.26.1-11-gd32895ea62 (webtiles) character file.

Game seed: 10616839469174882705

98 dtburroughs the Chopper (level 4, -17/41 HPs)
             Began as a Minotaur Berserker on July 7, 2021.
             Was a Believer of Trog.
             Demolished by a gnoll
             ... wielding a +2 halberd of distortion
              (19 damage)
             ... on level 2 of the Dungeon.
             The game lasted 00:02:22 (1665 turns).

dtburroughs the Chopper (Minotaur Berserker)        Turns: 1665, Time: 00:02:22

Health: -17/41     AC:  2    Str: 22    XL:     4   Next: 43%
Magic:  3/3        EV: 13    Int:  5    God:    Trog [**....]
Gold:   32         SH:  0    Dex:  9    Spells: 3/3 levels left

rFire    . . .     SeeInvis .   a - +0 hand axe
rCold    . . .     Faith    .   (no shield)
rNeg     . . .     Spirit   .   b - +0 animal skin
rPois    .         Reflect  .   (helmet restricted)
rElec    .         Harm     .   (no cloak)
rCorr    .         Rampage  .   (no gloves)
Will     ++...                  (no boots)
Stlth    +.........             (no amulet)
HPRegen  1.13/turn              (no ring)
MPRegen  0.08/turn              (no ring)

@: regenerating
A: retaliatory headbutt, horns 2
a: Renounce Religion, Berserk, Trog's Hand


You were on level 2 of the Dungeon.
You worshipped Trog.
Trog was pleased with you.
You visited 1 branch of the dungeon, and saw 2 of its levels.

You collected 32 gold pieces.

Inventory:

Hand Weapons
 a - a +0 hand axe (weapon)
Armour
 b - a +0 animal skin (worn)
Scrolls
 d - a scroll of noise {unknown}
 e - 2 scrolls of teleportation {unknown}
 f - a scroll of amnesia {unknown}
 h - a scroll of enchant armour {unknown}
 i - a scroll of fog {unknown}
 j - 5 scrolls of identify {unknown}
 k - a scroll of remove curse {unknown}
Potions
 c - 2 potions of curing {unknown}
 g - a potion of brilliance {unknown}


   Skills:
 + Level 4.4 Fighting
 + Level 4.5 Axes
 + Level 3.5 Armour
 + Level 3.1 Dodging


You had 3 spell levels left.
You didn't know any spells.
Your spell library was empty.

Dungeon Overview and Level Annotations

Branches:
Dungeon (2/15)

Altars:


Innate Abilities, Weirdness & Mutations

You reflexively headbutt those who attack you in melee.
You have a pair of horns on your head.


Message History

You kill the gnoll!
Trog accepts your kill. The gnoll barely misses you.
Things that are here:
a +0 halberd; 15 stones; a gnoll corpse The gnoll hits you with a +2 halberd of distortion!
* * * LOW HITPOINT WARNING * * *
You blink.
The gnoll shouts!
You hit the gnoll.
The gnoll is lightly wounded.
The gnoll hits you with a +0 whip.
* * * LOW HITPOINT WARNING * * *
You hit the gnoll. You headbutt the gnoll!
You kill the gnoll!
Trog accepts your kill.
The gnoll hits you from afar with a +2 halberd of distortion.
* * * LOW HITPOINT WARNING * * *
Space warps horribly around you!!
You die...

####...# ## #. #.###.##
## #.#######.###.# #.
♣##>#...(...#...# #.
.♣...........<.### ##
♣..............#
♣..............#
♣.♣......÷.....#
♣.......@.g....#
♣♣.....<..#....##########
♣.........#.....)...(..(.
.........###...#########.
♣♣........##...# ##
..........##...# #
...............#
#..............#
#..........###.##


You could see a gnoll.

Vanquished Creatures
  Robin (D:2)
  2 gnolls (D:2)
  2 adders (D:2)
  A worm (D:2)
  2 dart slugs (D:1)
  A leopard gecko (D:1)
  4 hobgoblins
  2 jackals (D:2)
  A quokka (D:2)
  A ball python (D:1)
  2 bats
  6 frilled lizards (D:1)
  13 goblins
  4 kobolds
  5 rats (D:1)
47 creatures vanquished.

Notes
Turn   | Place    | Note
-------+----------+-------------------------------------------
     0 | D:1      | dtburroughs the Minotaur Berserker began the quest for the
                  | Orb.
     0 | D:1      | Reached XP level 1. HP: 19/19 MP: 0/0
   263 | D:1      | Reached XP level 2. HP: 25/27 MP: 1/1
  1388 | D:2      | Reached XP level 3. HP: 29/33 MP: 2/2
  1389 | D:2      | Reached ** piety under Trog
  1522 | D:2      | Noticed Robin
  1542 | D:2      | Killed Robin
  1549 | D:2      | Reached XP level 4. HP: 11/41 MP: 3/3
  1665 | D:2      | HP: 2/41 [gnoll/+2 halberd of distortion (5)]
  1665 | D:2      | Demolished by a gnoll

Illustrated notes

Levels and vault maps discovered:
D:1:      ncdulo_halloftheorcs, layout_basic
D:2:      layout_rooms, gammafunk_temple_overflow_wave, elyvilon_altar_3,
          chequers_ecumenical_altar_grove, uniq_jessica, uniq_robin

Skill      XL: |  1  2  3 |
---------------+----------+-----
Fighting       | 4 |  4.4
Axes           | 4 |  4.5
Armour         | 3 |  3.5
Dodging        | 3 |  3.1

Action                   |  1- 3 |  4- 6 || total
-------------------------+-------+-------++-------
Melee: Hand axe          |    73 |    12 ||    85
       Headbutt          |    13 |     4 ||    17
Invok: Berserk           |     1 |     1 ||     2
       Trog's Hand       |     1 |     2 ||     3
 Stab: Sleeping          |     1 |       ||     1
Armor: Animal skin       |     9 |     1 ||    10
Dodge: Dodged            |    49 |     9 ||    58
